 Dungeon Crawl Stone Soup version 0.23-a0-607-g760965b (webtiles) character file.

21 MisterFreud the Slasher (level 2, -5/19 HPs)
             Began as an Octopode Gladiator on Dec 20, 2018.
             Killed from afar by an orc wizard (9 damage)
             ... with a magic dart
             ... on level 2 of the Dungeon.
             The game lasted 00:01:30 (1048 turns).

MisterFreud the Slasher (Octopode Gladiator)        Turns: 1048, Time: 00:01:31

Health: -5/19      AC:  1    Str: 13    XL:     2   Next: 83%
Magic:  2/2        EV: 14    Int: 10    God:
Gold:   100        SH:  3    Dex: 13    Spells: 1/1 levels left

rFire    . . .     SeeInvis .   a - +0 long sword
rCold    . . .     Gourm    .   (no shield)
rNeg     . . .     Faith    .   b - +0 hat
rPois    .         Spirit   .   f - +3 amulet of reflection
rElec    .         Reflect  +   (no ring)
rCorr    .         Harm     .   (no ring)
MR       .....                  (no ring)
Stlth    ++........             (no ring)
HPRegen  0.06/turn              (no ring)
MPRegen  0.08/turn              (no ring)
                                (no ring)
                                (no ring)

@: no status effects
A: almost no armour, stealthy swim, amphibious, 8 rings, constrict 8, camouflage
1, gelatinous body 1
a: no special abilities


You were on level 2 of the Dungeon.
You were not hungry.

You visited 1 branch of the dungeon, and saw 2 of its levels.

You collected 100 gold pieces.

Inventory:

Hand Weapons
 a - a +0 long sword (weapon)
Missiles
 c - 3 throwing nets (quivered)
Armour
 b - a +0 hat (worn)
Jewellery
 f - a +3 amulet of reflection (around mantle)
Scrolls
 g - a scroll of identify {unknown}
 j - a scroll of fog {unknown}
 k - a scroll of remove curse {unknown}
Potions
 e - 2 potions of berserk rage {unknown}
 h - a potion of lignification {unknown}
 i - a potion of haste {unknown}
Comestibles
 d - 2 rations
 l - 2 chunks of flesh


   Skills:
 - Level 2.0 Fighting
 + Level 4.0 Long Blades
 - Level 2.0 Throwing
 - Level 3.0 Dodging


You had one spell level left.
You didn't know any spells.
Your spell library was empty.

Dungeon Overview and Level Annotations

Branches:
Dungeon (2/15)

Altars:
Xom


Innate Abilities, Weirdness & Mutations

You cannot wear most types of armour.
You are very stealthy in the water. (Stealth+)
You are amphibious.
You can wear up to eight rings at the same time.
You can use your tentacles to constrict eight enemies at once.
Your skin changes colour to match your surroundings (Stealth+).
Your rubbery body absorbs attacks. (AC +1, EV +1)


Message History

An orc wizard comes into view. It is wielding a +0 dagger.
An orc comes into view. It is wielding a +0 mace.
You start waiting.
The orc wizard is too close now for your liking.
You hit the orc wizard but do no damage.
Your grab misses the orc wizard.
The orc wizard gestures at you while chanting.
The puff of flame hits you!
Ouch! That really hurt!
You are too injured to fight recklessly!
You are too injured to fight recklessly!
Unknown command.
There is a stone staircase leading down here.
The orc wizard points at you and mumbles some strange words.
The puff of flame hits you!
* * * LOW HITPOINT WARNING * * *
There is a stone staircase leading up here.
The orc wizard points at you and mumbles some strange words.
The magic dart hits you!
You die...

#...#..####§§...♣.##
#...#..<.#§§§#.≈^≈.###
#.#.#..#..#≈.._).♣.^.#
#........#..≈^..≈.^#
#####.#.####≈.^^≈.♣##
...........##.♣.^.#
######..#######.###
####..o..#.....#
#....#.#@#.###.#
#.#..#...#.#...#
#.###.####.#.#.#.###
#.o.o.# #########
#........# #.########


You could see an orc wizard.

Vanquished Creatures
  3 bats (D:1)
  4 goblins (D:1)
  3 hobgoblins
  4 ball pythons (D:1)
  2 frilled lizards (D:1)
  A kobold (D:1)
  3 rats (D:1)
20 creatures vanquished.

Notes
Turn   | Place    | Note
-------+----------+-------------------------------------------
     0 | D:1      | MisterFreud the Octopode Gladiator began the quest for the
                  | Orb.
     0 | D:1      | Reached XP level 1. HP: 14/14 MP: 1/1
   253 | D:1      | Reached XP level 2. HP: 17/19 MP: 2/2
   984 | D:2      | Found a shimmering altar of Xom.
   993 | D:2      | Reached skill level 4 in Long Blades
  1048 | D:2      | Killed from afar by an orc wizard

Vault maps used:
D:1:      dpeg_arrival_radiant, minmay_shallow_snake_nest
D:2:      xom_redecorated, lemuel_coloured_pillars_altar,
          kennysheep_slug_shrine, chequers_garden

Skill      XL: |  1  2 |
---------------+-------+-----
Long Blades    | 4 |  4.0
Fighting       | |  2.0
Throwing       | |  2.0
Dodging        | |  3.0

Action                   || total
-------------------------++-------
Melee: Long sword        ||    31
       Constrict         ||    13
       Tentacles         ||     7
 Stab: Sleeping          ||     1
Armor: Skin              ||     4
Dodge: Dodged            ||    10
Block: Other             ||     2
       Rpst.: Long sword ||     3

Table legend:
 A = Non-vault XP
 B = Vault XP
 C = Vault XP percentage of total XP
 D = Non-vault monster count
 E = Vault monster count
 F = Vault count percentage of total count
                 A         B        C        D         E       F
            +---------+---------+-------+---------+---------+-------
      Total |      25 |       5 |  16.7 |      16 |       4 |  20.0
            +---------+---------+-------+---------+---------+-------
        D:1 |      23 |       5 |  17.9 |      15 |       4 |  21.1
        D:2 |       2 |       0 |   0.0 |       1 |       0 |   0.0
            +---------+---------+-------+---------+---------+-------
